Map: Cyber Forest LE

Players

Mez - Winner!

  • Race: Terran Terran
  • League: Master
  • Spawn Location: 5:00

FishStickz

  • Race: Protoss Protoss
  • League: Master
  • Spawn Location: 11:00

VOD

Have the link to the VOD?

Description

Time

  • Played on: Aug. 16, 2019, 6:51 p.m.
  • Length: 11:18
Show
View Real Time Build Order
Export as new Build Order

Mez Terran - Winner!

Build Orders: Reaper Expand 

Get SALT Encoding   

  12  0:00  SCV  
  13  0:13  SCV  
  14  0:17  Supply Depot  
  14  0:25  SCV  
  15  0:39  SCV  
  15  0:40  Barracks  
  16  0:44  Refinery  
  16  0:51  SCV  
  17  1:03  SCV  
  18  1:18  SCV  
  19  1:28  Reaper  
  19  1:30  Orbital Command  
  20  1:46  Command Center  
  20  1:56  SCV  
  21  2:06  Barracks Reactor  
  21  2:10  Bunker  
  21  2:11  Supply Depot  
  21  2:15  SCV  
  22  2:27  SCV  
  23  2:40  Command Center  
  22  2:44  Marine x2  
  22  2:48  Factory  
  24  2:52  SCV  
  25  3:02  Marine x2  
  25  3:05  Orbital Command  
  27  3:08  SCV  
  25  3:20  SCV, Marine x2  
  27  3:27  Refinery  
  27  3:33  Widow Mine, Starport  
  28  3:41  Marine x2  
  30  3:51  SCV  
  30  3:52  SCV  
  32  3:56  Orbital Command  
  32  3:58  Widow Mine  
  32  4:02  Marine x2  
  35  4:05  SCV x2  
  38  4:10  Refinery, Starport Tech Lab  
  38  4:17  SCV  
  39  4:25  SCV, Factory Tech Lab  
  39  4:26  SCV  
  39  4:29  SCV  
  39  4:30  Marine  
  39  4:31  Marine  
  43  4:37  Raven  
  46  4:40  SCV x2  
  46  4:42  Barracks  
  48  4:46  Barracks  
  48  4:47  SCV  
  48  4:51  Factory Reactor  
  48  4:52  SCV x2  
  51  4:54  Supply Depot  
  51  4:59  SCV  
  52  5:00  Refinery  
  52  5:04  SCV x2  
  54  5:11  SCV, Marine x2  
  57  5:16  SCV x2  
  57  5:18  Supply Depot  
  59  5:23  SCV  
  59  5:28  SCV x2  
  62  5:29  Engineering Bay, Starport Reactor  
  62  5:30  Engineering Bay  
  62  5:34  Stimpack  
  62  5:35  SCV  
  63  5:38  Marine  
  63  5:39  Marine, Marauder x2, Factory Reactor  
  63  5:40  SCV x2  
  71  5:48  Supply Depot  
  71  5:51  SCV  
  71  5:52  SCV  
  71  5:54  Orbital Command  
  73  5:57  Terran Infantry Weapons Level 1  
  73  5:58  Terran Infantry Armor Level 1  
  73  6:02  Barracks  
  73  6:04  Barracks  
  73  6:10  Marine x2, Marauder x2  
  79  6:12  Supply Depot  
  79  6:16  Widow Mine x2, Medivac  
  85  6:23  SCV x2  
  85  6:33  Marine, Medivac  
  85  6:34  Supply Depot  
  85  6:35  SCV, Supply Depot  
  78  6:47  Marauder  
  78  6:48  Marine  
  78  6:49  Marauder  
  78  6:50  Marine x2  
  78  6:51  Marine, Medivac  
  81  6:57  Barracks Tech Lab  
  81  7:03  Medivac  
  81  7:07  Widow Mine x2  
  87  7:12  Marine x2, Marauder x2  
  87  7:13  Marine x2  
  95  7:19  Armory  
  95  7:26  Combat Shield, Marauder  
  97  7:30  Marine x2  
  97  7:31  Marine  
  97  7:34  Marauder  
  98  7:45  Marine, Marauder  
  98  7:46  Widow Mine x2  
  98  7:47  Marauder, Medivac  
  98  7:51  Concussive Shells  
  109  8:07  Supply Depot  
  109  8:08  Supply Depot  
  109  8:09  Marine x4  
  109  8:10  Marauder, Medivac, Supply Depot x2  
  117  8:15  Orbital Command  
  117  8:21  Liberator  
  117  8:29  Widow Mine x2, Marine x4, Marauder  
  117  8:30  Marauder  
  117  8:31  SCV x2, Marine  
  130  8:39  Liberator  
  133  8:42  SCV  
  133  8:43  SCV x2  
  133  8:47  Marine  
  137  8:57  Supply Depot x2  
  137  8:59  Marauder x3  
  137  9:00  Marine x3  
  149  9:08  Liberator  
  149  9:13  Refinery  
  149  9:14  SCV  
  149  9:17  SCV  
  149  9:18  SCV  
  149  9:21  Liberator  
  135  9:28  Marine x3, Marauder x2  
  135  9:29  SCV  
  146  9:31  Refinery  
  146  9:32  Supply Depot  
  146  9:34  Supply Depot  
  149  9:47  SCV x3, Ghost Academy  
  150  9:59  SCV, Marine, Marauder x2  
  156  10:01  Widow Mine x2  
  156  10:02  Marine x3, Marauder  
  156  10:04  SCV x2  
  156  10:06  Supply Depot  
  167  10:09  Supply Depot  
  167  10:11  SCV  
  168  10:18  Marine  
  168  10:20  Marauder  
  168  10:21  Marauder  
  173  10:22  SCV x2  
  173  10:24  Marauder  
  173  10:26  Marine x2  
  173  10:27  Marine  
  178  10:34  Widow Mine x2  
  176  10:42  Marauder x2  
  180  10:43  Marine  
  180  10:45  Marauder  
  189  10:52  Starport  
Show
View Real Time Build Order
Export as new Build Order

FishStickz Protoss 

Build Orders: 1 Gate Expand, Blink Stalkers 

Get SALT Encoding   

  12  0:01  Probe  
  13  0:13  Probe  
  14  0:22  Pylon  
  14  0:26  Probe  
  15  0:37  Probe  
  16  0:42  Gateway  
  16  0:45  Probe  
  17  0:51  Assimilator  
  17  0:55  Probe  
  18  1:07  Probe  
  19  1:19  Probe  
  20  1:30  Cybernetics Core  
  20  1:31  Probe  
  21  1:43  Nexus  
  21  1:51  Pylon  
  21  1:56  Probe  
  21  1:59  Adept  
  22  2:01  Assimilator  
  22  2:08  Probe  
  22  2:10  Warp Gate  
  25  2:20  Stalker, Probe  
  27  2:35  Probe  
  28  2:47  Probe, Pylon  
  28  2:51  Stalker  
  31  2:59  Probe  
  32  3:13  Stalker  
  32  3:23  Probe x2  
  34  3:33  Twilight Council  
  34  3:35  Probe x2  
  36  3:43  Blink  
  36  3:47  Probe  
  37  3:49  Probe  
  36  3:55  Pylon  
  36  3:58  Probe  
  36  3:59  Gateway  
  36  4:00  Probe  
  38  4:03  Gateway  
  38  4:06  Probe  
  38  4:09  Stalker  
  40  4:12  Probe  
  40  4:16  Probe  
  42  4:24  Probe  
  44  4:26  Pylon  
  44  4:28  Probe  
  45  4:34  Gateway x2  
  45  4:36  Probe  
  46  4:39  Robotics Facility  
  46  4:43  Probe  
  47  4:47  Gateway  
  47  4:51  Probe  
  48  4:54  Stalker x2  
  52  5:04  Pylon  
  52  5:12  Stalker  
  54  5:27  Nexus  
  54  5:28  Observer, Pylon  
  55  5:34  Stalker x3  
  61  5:37  Charge  
  61  5:41  Assimilator  
  61  5:46  Assimilator  
  63  5:55  Stalker x2  
  67  6:01  Probe  
  66  6:05  Probe  
  67  6:13  Probe, Pylon  
  67  6:17  Pylon  
  68  6:27  Stalker x3, Pylon  
  68  6:28  Stalker x2  
  68  6:32  Probe x2  
  80  6:34  Pylon  
  80  6:43  Probe  
  80  6:44  Probe x2  
  82  6:55  Probe  
  82  6:56  Probe  
  82  7:00  Probe  
  85  7:03  Pylon  
  85  7:07  Probe  
  85  7:08  Forge  
  86  7:11  Forge, Pylon  
  86  7:18  Observer  
  86  7:25  Protoss Ground Weapons Level 1  
  86  7:26  Protoss Ground Armor Level 1  
  86  7:36  Probe x2  
  84  7:42  Probe  
  84  7:43  Zealot, Stalker x2  
  84  7:44  Stalker x2  
  91  7:45  Stalker  
  91  7:48  Probe  
  96  7:55  Probe x2  
  98  7:58  Gateway  
  98  7:59  Observer  
  98  8:02  Gateway x2  
  98  8:03  Gateway  
  98  8:06  Gateway  
  98  8:09  Templar Archives  
  98  8:18  Observer  
  97  8:24  Zealot  
  97  8:25  Zealot x5  
  106  8:39  Probe x3  
  106  8:40  Dark Shrine  
  109  8:42  Assimilator  
  109  8:44  Assimilator  
  109  8:50  Zealot x3  
  109  8:51  Zealot x3  
  121  9:10  Zealot x5  
  121  9:11  Zealot x2  
  135  9:19  Nexus  
  104  9:27  Zealot x4  
  104  9:30  Warp Prism  
  112  9:42  Zealot x6  
  116  9:57  Psionic Storm  
  114  10:03  Pylon  
  114  10:05  Pylon  
  114  10:09  High Templar  
  114  10:10  High Templar x4  
  114  10:11  High Templar  
  124  10:14  Stalker x4  
  124  10:18  Archon x3  
  124  10:19  Zealot  
  102  10:40  Zealot x2  
  102  10:41  Zealot x3  
  102  10:42  Zealot  
  108  10:43  High Templar  
  108  10:44  High Templar x3  
  116  11:00  Zealot  
  116  11:06  Zealot x4  
  116  11:07  Zealot x2  
Tags
 
Add a new tag
Caveats
  • Supply blocks, unpowered buildings, or Contaminate may cause inaccurate times.
  • Supply counts are checked every 10 seconds.